 Dungeon Crawl Stone Soup version 0.31.0-9-g3a7656b989 (webtiles) character file.

Game seed: 15385551185888911040

47 qw the Shooter (level 3, -1/18 HPs)
             Began as a Spriggan Hunter on Feb 2, 2024.
             Slain by Ijyb
             ... wielding a +0 dagger
              (4 damage)
             ... on level 3 of the Dungeon.
             The game lasted 00:00:05 (1401 turns).

qw the Shooter (Spriggan Hunter)                    Turns: 1401, Time: 00:00:05

Health: -1/18      AC:  2    Str:  7    XL:     3   Next: 48%
Magic:  4/4        EV: 19    Int: 10    God:
Gold:   28         SH:  0    Dex: 20    Spells: 2/2 levels left

rFire   . . .        a - +0 shortbow
rCold   . . .        (shield currently unavailable)
rNeg    . . .        c - +0 robe
rPois   .            (helmet restricted)
rElec   .            (no cloak)
rCorr   .            (gloves unavailable)
SInv    +            (boots unavailable)
Will    .....        (no amulet)
Stlth   ++           (no ring)
HPRegen 0.23/turn    (no ring)
MPRegen 0.09/turn

%: no passive effects
@: very quick
A: very small, no large weapons, unfitting armour, see invisible, speed 3
a: no special abilities


You were on level 3 of the Dungeon.
You visited 1 branch of the dungeon, and saw 4 of its levels.

You collected 28 gold pieces.


Innate Abilities, Weirdness & Mutations

You are very small and have problems with some larger weapons.
You are too small for most types of armour.
You have supernaturally acute eyesight. (SInv)
You cover ground extremely quickly. (Speed+++)


   Skills:
 - Level 1.5 Fighting
 + Level 4.8 Ranged Weapons
 - Level 4.0 Dodging
 - Level 1.5 Stealth


You had 2 spell levels left.
You didn't know any spells.
Your spell library was empty.

Inventory:

Hand Weapons
 a - a +0 shortbow (weapon)
Armour
 c - a +0 robe (worn)
Potions
 d - a potion of heal wounds {unknown}
 f - a potion of enlightenment {unknown}

Dungeon Overview and Level Annotations

Branches:
Dungeon (4/15)
 Temple: D:4-7

Altars:

Shops:
D:2 ::

Annotations:
D:3 Ijyb


Message History

You kill the endoplasm!
You start resting.
HP restored.
A bat comes into view.
You shoot an arrow. The arrow hits the bat.
You kill the bat!
Found a stone staircase leading up.
Found a stone staircase leading down.
Found a book of Minor Magic.
Ijyb, a quokka and a kobold come into view.
Ijyb is wielding a +0 dagger and carrying a wand of flame.
Found 15 gold pieces.
Found a stone staircase leading up.
You shoot an arrow. The arrow hits the quokka.
The quokka is almost dead.
Ijyb shouts!
You shoot an arrow. The arrow hits the quokka!
You kill the quokka!
You shoot an arrow. The arrow barely misses Ijyb.
You shoot an arrow. The arrow hits Ijyb.
Ijyb is lightly wounded.
Ijyb completely misses you.
You shoot an arrow. The arrow hits Ijyb.
Ijyb is moderately wounded.
Ijyb closely misses you.
You shoot an arrow. The arrow hits Ijyb.
Ijyb is moderately wounded.
An endoplasm comes into view.
Ijyb zaps a wand.
The puff of flame hits you!
You shoot an arrow. The arrow closely misses Ijyb.
The endoplasm quivers.
The kobold shouts!
The kobold throws a stone.
The stone closely misses you. Ijyb completely misses you.
You shoot an arrow. The arrow hits Ijyb but does no damage.
Ijyb is moderately wounded.
Ijyb hits you with a +0 dagger.
You shoot an arrow. The arrow hits Ijyb but does no damage.
Ijyb is moderately wounded.
Ijyb hits you with a +0 dagger. x2
You die...

.. #. #. .. .###.## .#
......###. #.##
.<....... #..# .$
..#.# #..# #J #.#.#
#..# #.#.##g##.#.##
#..# #.....?@.....#
#..#
###.##.##.#..####..###
#.............#.##
.....>...#####....##
##.#####.# ##.....# #.
#.# #....... #. #:#
##.....# #. #.#
##...## #.# ##.###


You could see Ijyb and an endoplasm.

Vanquished Creatures
  5 endoplasms
  3 giant cockroaches (D:1)
  5 goblins
  2 hobgoblins
  3 jackals (D:1)
  5 kobolds
  2 quokkas
  4 ball pythons (D:1)
  5 bats
  2 frilled lizards (D:1)
  6 rats
42 creatures vanquished.

Notes
Turn   | Place    | Note
-------+----------+-------------------------------------------
     0 | D:1      | qw the Spriggan Hunter began the quest for the Orb.
     0 | D:1      | Reached XP level 1. HP: 10/10 MP: 2/2
     0 | D:1      | 0 ||| qw: Version: 0.3-a-155-g5e7d8dd
     0 | D:1      | 0 ||| qw: Game counter: 2322
     0 | D:1      | 0 ||| qw: Melee chars always use a shield: true
     0 | D:1      | 0 ||| qw: God list: Okawaru
     0 | D:1      | 0 ||| qw: Allow faded altars: false
     0 | D:1      | 0 ||| qw: Do Orc after clearing Dungeon:15 true
     0 | D:1      | 0 ||| qw: Do second Lair branch before Depths: true
     0 | D:1      | 0 ||| qw: Lair rune preference: random
     0 | D:1      | 0 ||| qw: Goals: Normal
     0 | D:1      | 0 ||| PLANNING D:1-11
    23 | D:1      | Reached skill level 3 in Dodging
    44 | D:1      | Found a faded altar of an unknown god.
    99 | D:1      | Reached XP level 2. HP: 14/14 MP: 3/3
   543 | D:1      | Reached XP level 3. HP: 18/18 MP: 4/4
   969 | D:1      | 969 ||| READING scroll labelled OWUUSM KYFI.
   974 | D:1      | 974 ||| READING scroll labelled EBBAIP PIRE.
  1075 | D:1      | 1075 ||| DROPPING scroll of butterflies.
  1170 | D:2      | Found Zoqokh's Book Shop.
  1204 | D:2      | Found Burcha's Book Emporium.
  1343 | D:2      | You fall into a shaft and drop 2 floors!
  1344 | D:4      | 1344 ||| READING scroll labelled GIHIOCAZOM.
  1345 | D:4      | 1345 ||| READING scroll labelled ZARY UNKILU.
  1354 | D:3      | 1354 ||| PLANNING SEWER
  1392 | D:3      | Noticed Ijyb
  1401 | D:3      | HP: 3/18 [Ijyb/+0 dagger (2)]
  1401 | D:3      | Slain by Ijyb

Levels and vault maps discovered:
D:1:      amcnicky_arrival_feature_with_door, layout_basic,
          ebering_ecumenical_altar_hall, minivault_27, minmay_misc_feat_chi
D:2:      layout_rooms, serial_shops, shop, nicolae_diamond_shop,
          corner_web_ring, serial_bayou_pond_b, hex_large
D:3:      layout_loops_ring, cheibrodos_sewer_entry_drain, minmay_rat_hole,
          uniq_ijyb, uniq_natasha
D:4:      layout_rooms, gammafunk_temple_overflow_wave, minmay_fire_ice_demons

Skill      XL: |  1  2 |
---------------+-------+-----
Dodging        | 3 4 |  4.0
Fighting       | |  1.5
Ranged Weapons | |  4.8
Stealth        | |  1.5

Action                     || total
---------------------------++-------
   Fire: Shortbow          ||   127
    Use: Scroll            ||     4
 Armour: Robe              ||    18
  Dodge: Dodged            ||    36

Table legend:
 A = Non-vault XP
 B = Vault XP
 C = Vault XP percentage of total XP
 D = Non-vault monster count
 E = Vault monster count
 F = Vault count percentage of total count
                 A         B        C        D         E       F
            +---------+---------+-------+---------+---------+-------
      Total |      64 |       4 |   5.9 |      40 |       2 |   4.8
            +---------+---------+-------+---------+---------+-------
        D:1 |      48 |       0 |   0.0 |      31 |       0 |   0.0
        D:2 |      11 |       4 |  26.7 |       6 |       2 |  25.0
        D:3 |       5 |       0 |   0.0 |       3 |       0 |   0.0
            +---------+---------+-------+---------+---------+-------
